Map: Orbital Shipyard

Players

Rogue - Winner!

  • Race: Zerg Zerg

CMStormPolt (Polt)

  • Race: Terran Terran
  • League: Master

VOD

https://www.youtube.com/watch?v=qU9F6dX8oQY

Description

pretty standard TvZ with rogue going for ling bling muta and plot for bio widow mines and some extra mech units like thors and libs.

Time

  • Played on: March 11, 2016, 10:13 a.m.
  • Length: 15:58
Show
View Real Time Build Order
Export as new Build Order

Rogue Zerg - Winner!

Build Orders: Hatch First, Muta Ling Bane 

Get SALT Encoding   

  12  0:00  Drone  
  13  0:12  Overlord  
  13  0:17  Drone  
  14  0:31  Drone x2  
  14  0:35  Drone  
  17  0:51  Hatchery  
  17  0:54  Drone  
  17  0:57  Drone  
  18  1:08  Extractor  
  17  1:11  Spawning Pool  
  17  1:15  Drone  
  17  1:18  Drone  
  18  1:28  Drone  
  19  1:39  Overlord  
  19  1:58  Queen  
  19  2:00  Zergling x2  
  19  2:01  Zergling x2  
  23  2:04  Queen  
  23  2:05  Drone  
  26  2:10  Metabolic Boost  
  26  2:11  Drone  
  27  2:16  Drone  
  27  2:21  Drone  
  29  2:25  Drone  
  30  2:33  Queen  
  30  2:34  Drone  
  33  2:37  Spore Crawler  
  32  2:45  Overlord  
  32  2:47  Drone x2  
  32  2:48  Pneumatized Carapace  
  35  2:54  Drone  
  36  3:07  Drone x2  
  36  3:08  Drone x4  
  42  3:17  Queen  
  42  3:18  Overlord  
  44  3:39  Hatchery, Roach Warren  
  43  3:41  Drone x5  
  47  3:49  Drone x4  
  51  3:55  Lair  
  51  3:58  Extractor x2  
  51  3:59  Overlord  
  50  4:05  Queen  
  50  4:07  Overlord  
  52  4:10  Extractor  
  52  4:14  Drone  
  52  4:15  Overlord  
  52  4:25  Drone x6  
  52  4:29  Drone x3  
  61  4:34  Baneling Nest  
  58  4:41  Drone x3  
  61  4:51  Queen  
  63  4:54  Drone  
  63  4:55  Spire  
  63  4:57  Drone, Extractor  
  63  4:58  Overseer, Drone x2  
  65  5:04  Drone x2  
  65  5:06  Drone  
  68  5:11  Drone  
  68  5:12  Drone x2  
  71  5:21  Overlord x2  
  71  5:26  Zergling x2, Evolution Chamber x2  
  71  5:27  Zergling x8  
  74  5:30  Extractor  
  74  5:34  Zergling x2  
  74  5:35  Overlord  
  74  5:41  Centrifical Hooks  
  74  5:44  Drone x7  
  74  5:47  Drone  
  82  5:56  Zerg Ground Armor Level 1  
  82  5:57  Zerg Melee Weapons Level 1  
  82  6:07  Mutalisk x5  
  82  6:08  Mutalisk x2  
  96  6:13  Overlord x2  
  96  6:19  Mutalisk  
  98  6:25  Overlord  
  97  6:33  Baneling x4  
  97  6:34  Baneling x3  
  97  6:35  Zergling x12  
  97  6:37  Hatchery  
  102  6:44  Zergling x14  
  109  6:50  Zergling x10  
  109  6:53  Drone  
  115  7:09  Mutalisk  
  115  7:10  Mutalisk x2  
  120  7:16  Overlord  
  119  7:24  Overlord x3  
  119  7:29  Mutalisk  
  119  7:31  Hatchery  
  119  7:32  Zerg Flyer Armor Level 1  
  119  7:33  Drone  
  121  7:38  Mutalisk x4, Hatchery  
  121  7:40  Overlord x3  
  128  7:56  Mutalisk  
  128  7:57  Mutalisk x4  
  138  8:00  Drone x2  
  138  8:03  Baneling  
  138  8:04  Baneling x3  
  138  8:07  Drone x3  
  138  8:12  Zergling x10  
  145  8:26  Drone  
  148  8:27  Drone x3  
  148  8:29  Drone  
  148  8:31  Zerg Melee Weapons Level 2, Zerg Ground Armor Level 2  
  147  8:42  Baneling x10  
  147  8:44  Zergling x2  
  147  8:45  Zergling x24  
  148  8:54  Mutalisk x2  
  147  8:57  Extractor  
  147  8:58  Extractor  
  147  9:02  Overseer  
  144  9:06  Drone x8  
  152  9:14  Mutalisk x2  
  156  9:17  Zergling x14  
  156  9:20  Burrow  
  156  9:22  Overlord  
  163  9:30  Zergling x8  
  167  9:31  Overlord  
  167  9:34  Drone  
  168  9:40  Zerg Flyer Armor Level 2  
  168  9:44  Zergling x28  
  182  9:51  Overlord  
  182  9:53  Drone  
  182  10:03  Infestation Pit  
  179  10:15  Baneling x16  
  179  10:16  Baneling x6  
  179  10:21  Zergling x18, Hatchery  
  185  10:28  Zergling x20  
  193  10:35  Zergling x10  
  184  10:37  Baneling x10  
  184  10:38  Baneling x8  
  147  11:02  Mutalisk x8  
  137  11:16  Zergling x30  
  151  11:25  Baneling x2  
  151  11:26  Baneling x4  
  151  11:27  Mutalisk x3  
  151  11:31  Zergling x4  
  157  11:42  Zergling x12  
  163  11:47  Zergling x2  
  163  11:48  Baneling x4, Zergling x10  
  166  11:57  Hive  
  166  11:58  Zerg Flyer Weapons Level 1  
  158  12:04  Zergling x34  
  158  12:08  Baneling x13  
  171  12:09  Baneling x9  
  171  12:21  Zergling x10  
  171  12:22  Zergling x14  
  183  12:29  Zergling x8  
  186  12:31  Baneling x17  
  183  12:44  Zergling x24  
  170  13:03  Mutalisk x7  
  179  13:16  Overlord  
  179  13:25  Overlord  
  174  13:36  Overlord  
  174  13:50  Zergling x30  
  174  13:53  Hatchery  
  188  14:17  Hatchery  
  188  14:21  Overlord x2  
  187  14:28  Baneling x22  
  186  14:45  Mutalisk  
  186  14:46  Mutalisk x5  
  194  15:01  Zergling x10  
  168  15:23  Zergling x14  
  168  15:24  Zergling x32  
Show
View Real Time Build Order
Export as new Build Order

CMStormPolt Terran 

Build Orders: Reaper Expand, Bio Hellbat 

Get SALT Encoding   

  12  0:01  SCV  
  13  0:13  SCV  
  14  0:18  Supply Depot  
  14  0:25  SCV  
  15  0:40  SCV  
  15  0:42  Barracks  
  16  0:44  Refinery  
  16  0:52  SCV  
  17  1:04  SCV  
  18  1:16  SCV  
  19  1:28  Orbital Command  
  19  1:29  Reaper  
  20  1:39  Command Center  
  20  1:51  Supply Depot  
  20  1:53  SCV  
  21  2:01  Marine  
  21  2:06  SCV  
  23  2:09  Factory  
  23  2:15  Refinery  
  23  2:18  SCV  
  23  2:21  Barracks Reactor  
  24  2:30  SCV  
  25  2:42  SCV  
  26  2:51  Orbital Command  
  26  2:54  Starport, SCV  
  26  2:57  Marine x2  
  29  3:00  Factory Tech Lab  
  29  3:06  SCV  
  30  3:18  SCV x2  
  32  3:21  Siege Tank  
  32  3:24  Marine x2  
  37  3:30  SCV x2  
  39  3:38  Command Center  
  39  3:39  Medivac  
  41  3:42  SCV x2  
  43  3:59  SCV x2  
  45  4:06  Supply Depot  
  45  4:09  Barracks  
  45  4:11  SCV  
  45  4:13  Stimpack  
  45  4:14  Barracks  
  45  4:17  Factory Reactor  
  46  4:27  Viking, SCV x2, Marine  
  46  4:28  Refinery  
  46  4:30  Supply Depot, Refinery  
  51  4:39  SCV x2  
  51  4:45  Marine  
  53  4:47  Engineering Bay  
  53  4:48  Engineering Bay  
  53  4:50  Orbital Command  
  53  4:51  SCV  
  53  4:52  SCV  
  55  5:01  Factory Reactor, Starport Reactor  
  55  5:03  Marine  
  55  5:04  Marine x4  
  55  5:05  SCV  
  55  5:06  SCV  
  62  5:17  SCV  
  62  5:18  SCV  
  64  5:22  Marine x5  
  64  5:25  Terran Infantry Armor Level 1, Terran Infantry Weapons Level 1  
  69  5:30  SCV x2, Orbital Command  
  69  5:31  Missile Turret  
  69  5:33  Missile Turret  
  69  5:35  Supply Depot  
  71  5:40  Supply Depot  
  71  5:42  SCV  
  72  5:43  SCV  
  72  5:45  Medivac  
  72  5:47  Medivac  
  78  5:57  SCV x3  
  78  5:59  Marine x4  
  78  6:01  Marine  
  78  6:03  Missile Turret  
  85  6:08  Widow Mine x2  
  85  6:10  SCV x3  
  92  6:14  Combat Shields  
  92  6:19  Supply Depot  
  92  6:20  Supply Depot  
  92  6:21  Marine x4  
  92  6:22  Marine  
  97  6:28  SCV x3  
  100  6:35  Barracks  
  100  6:36  Barracks  
  100  6:39  Armory  
  100  6:40  Widow Mine x2  
  100  6:43  Supply Depot  
  100  6:46  Supply Depot  
  104  6:50  Medivac x2  
  108  7:02  Marine x5  
  113  7:08  SCV x3  
  113  7:11  Supply Depot x2, Widow Mine x2  
  112  7:21  Marine x4  
  116  7:23  Barracks Reactor x2, Marine  
  116  7:26  SCV x3, Factory  
  116  7:27  Refinery  
  117  7:44  Widow Mine x2, Marine x5  
  117  7:51  Barracks, Supply Depot  
  126  7:52  Barracks  
  126  7:54  Missile Turret x2  
  126  7:56  Barracks  
  126  7:57  Terran Infantry Weapons Level 2, Terran Infantry Armor Level 2  
  126  8:01  Terran Vehicle Weapons Level 1  
  126  8:09  Liberator x2  
  126  8:14  Marine x9  
  126  8:16  Hellbat x2, Factory Tech Lab  
  145  8:33  Marine x8  
  145  8:34  Marine  
  146  8:49  Marine x3  
  146  8:51  Marine x5  
  146  8:52  Liberator, Marine x3  
  146  8:53  Infernal Pre-Igniter  
  157  9:00  Hellbat, Thor  
  165  9:04  Supply Depot x2  
  165  9:06  Hellbat, Supply Depot, Marine  
  165  9:08  Liberator  
  171  9:22  Marine x2  
  171  9:23  Marine  
  173  9:25  Marine x7  
  173  9:28  Hellbat x2  
  189  9:32  Marine  
  189  9:45  Barracks Reactor x2  
  189  9:46  Missile Turret x2  
  189  9:50  Missile Turret  
  195  9:55  Barracks Tech Lab  
  195  9:56  Barracks Tech Lab x2, Thor  
  195  9:58  Hellbat  
  195  9:59  Terran Vehicle Weapons Level 2, Hellbat  
  197  10:08  Command Center  
  197  10:19  Medivac  
  197  10:24  Terran Infantry Armor Level 3  
  197  10:26  Medivac  
  196  10:34  Marine x8  
  196  10:35  Marine x4  
  156  10:45  Thor  
  156  10:47  Hellbat x2  
  96  11:09  Marine x10  
  96  11:10  Marine  
  99  11:13  Marine  
  94  11:28  Marine x2  
  94  11:29  Marine x6  
  102  11:34  Marine x3  
  102  11:37  Marine  
  105  11:46  Orbital Command  
  105  11:59  Marine x6  
  105  12:00  Marine x3  
  104  12:03  Marine x3  
  104  12:08  Medivac x2  
  106  12:09  Factory Tech Lab  
  106  12:12  Hellbat  
  106  12:13  Hellbat  
  112  12:26  Marine x12  
  105  12:46  Marine x12  
  112  12:55  Orbital Command  
  106  13:03  Marine x2  
  106  13:04  Marine x10  
  116  13:20  Medivac  
  116  13:21  Medivac  
  116  13:25  Hellion x3, Armory  
  119  13:38  Marine x7  
  122  13:44  Marine x2  
  124  14:11  Orbital Command  
  124  14:13  Thor  
  130  14:33  Marine x8  
  130  14:34  Marine  
  132  14:56  Marine x7  
  139  15:04  Thor  
  139  15:06  Hellbat x2  
  113  15:26  Marine x6  
  113  15:27  Marine  
Tags
 
Add a new tag
Caveats
  • Supply blocks, unpowered buildings, or Contaminate may cause inaccurate times.
  • Supply counts are checked every 10 seconds.